 Dungeon Crawl Stone Soup version 0.29.0-11-gd7f09526c8 (webtiles) character file.

Game seed: 6527028888435674956

205 pacmanke6689 the Caller (level 6, -10/33 HPs)
             Began as a Kobold Summoner on Sept 4, 2022.
             Was a Follower of Vehumet.
             Mangled by an ice beast (11 damage)
             ... on level 5 of the Dungeon.
             The game lasted 00:17:41 (4922 turns).

pacmanke6689 the Caller (Kobold Summoner)           Turns: 4922, Time: 00:17:41

Health: -10/33     AC:  2    Str:  5    XL:     6   Next: 10%
Magic:  5/10       EV: 15    Int: 18    God:    Vehumet [*.....]
Gold:   279        SH:  0    Dex: 16    Spells: 5/11 levels left

rFire   . . .      SeeInvis .   p - +1 short sword (speed)
rCold   . . .      Faith    .   (no shield)
rNeg    . . .      Spirit   .   a - +0 robe
rPois   .          Reflect  .   (no helmet)
rElec   .          Harm     .   (no cloak)
rCorr   .          Rampage  .   (no gloves)
Will    .....                   (no boots)
Stlth   +++.......              (no amulet)
HPRegen 0.11/turn               (no ring)
MPRegen 0.12/turn               (no ring)

@: about to teleport
A: small, no large weapons, nightstalker 3
a: Renounce Religion


You were on level 5 of the Dungeon.
You worshipped Vehumet.
Vehumet was aware of your devotion.
You visited 2 branches of the dungeon, and saw 6 of its levels.

You collected 279 gold pieces.

Inventory:

Hand Weapons
 g - a +0 dagger
 p - a +1 short sword of speed (weapon)
Armour
 a - a +0 robe (worn)
Wands
 j - a wand of roots (8)
Scrolls
 e - 3 scrolls of teleportation
 f - a scroll of poison
 h - a scroll of vulnerability
 i - a scroll of identify
 k - a scroll of enchant weapon {unknown}
 n - 2 scrolls of immolation
Potions
 b - a potion of magic
 c - a potion of brilliance
 d - a potion of invisibility
 l - 3 potions of curing
 m - a potion of ambrosia
 o - a potion of flight {unknown}
 q - a potion of heal wounds {unknown}
 r - a potion of degeneration {unknown}


   Skills:
 + Level 0.8 Fighting
 + Level 2.1 Short Blades
 + Level 3.1 Dodging
 + Level 3.5 Stealth
 - Level 0.2 Unarmed Combat
 + Level 3.2 Spellcasting
 + Level 1.1 Conjurations
 + Level 5.3 Summonings


You had 5 spell levels left.
You knew the following spells:

 Your Spells              Type           Power      Damage    Failure   Level
a - Summon Small Mammal   Summ           84%        N/A       1%          1
b - Call Canine Familiar  Summ           21%        N/A       5%          3
c - Magic Dart            Conj           28%        1d4       10%         1
d - Sandblast             Erth           4%         2d4       16%         1

Your spell library contained the following spells:

 Spells                   Type           Power      Damage    Failure   Level
 Call Imp                 Summ           21%        N/A       2%          2
 Summon Guardian Golem    Hex/Summ       12%        N/A       16%         3
 Dazzling Flash           Conj/Hex       8%         N/A       36%         3
 Mephitic Cloud           Conj/Pois/Air  4%         N/A       38%         3
 Summon Lightning Spire   Summ/Air       12%        N/A       47%         4
 Agony                    Necr           2%         N/A       99%         5
 Silence                  Hex/Air        1%         N/A       99%         5


Dungeon Overview and Level Annotations

Branches:
Dungeon (5/15)             Temple (1/1) D:4

Altars:
Cheibriados
Dithmenos
Elyvilon
Gozag
Kikubaaqudgha
Nemelex Xobeh
Okawaru
Qazlal
Ru
Trog
Uskayaw
Vehumet
Wu Jian
Xom
Yredelemnul
Zin
The Shining One


Innate Abilities, Weirdness & Mutations

You are small and have problems with some larger weapons.
You are completely attuned to the shadows.


Message History

Your hound disappears in a puff of smoke!
The necrophage hits you. The ice beast barely misses you.
The necrophage attacks as you move away!
The necrophage hits you.
Your hound bites the ice beast.
The ice beast completely misses your hound.
You see here 8 stones.
The necrophage attacks as you move away!
The necrophage hits you.
Found 9 gold pieces.
Your hound bites the necrophage.
The necrophage attacks as you move away!
The necrophage misses you.
Your hound bites the necrophage but does no damage.
Your hound barely misses the ice beast.
You hit the necrophage.
The necrophage is moderately damaged.
Your hound closely misses the ice beast.
You feel better. The necrophage barely misses you.
You barely miss the necrophage.
The necrophage is moderately damaged.
Your hound bites the necrophage.
The ice beast misses you. The necrophage hits you.
A white imp comes into view.
Your hound barely misses the necrophage.
An ice beast comes into view.
Your hound closely misses the ice beast.
Something hits your hound. The ice beast attacks as you move away!
The ice beast hits you.
* * * LOW HITPOINT WARNING * * *
The ice beast freezes you.
* * * LOW HITPOINT WARNING * * *
Your hound closely misses the necrophage.
As you read the scroll of teleportation, it crumbles to dust.
You feel strangely unstable.
Your hound bites the necrophage.
The necrophage hits your hound but does no damage.
The ice beast closely misses you. The ice beast attacks as you move away!
The ice beast barely misses you.
Your hound bites the necrophage.
The ice beast attacks as you move away! The ice beast hits you.
* * * LOW HITPOINT WARNING * * *
The ice beast freezes you!
You die...

#####5.
#######......
........#...
####YY.hn..#
#...@####.##
.....(....#
..###.....$..
####...<.####
##....#.###
###.......#
#....######
.### #.#..#
...##.#.##


You could see 2 ice beasts, a necrophage (ally target) and a friendly hound
(summoned).

Vanquished Creatures
  4 adders
  A worm (D:4)
  2 orcs (D:4)
  An endoplasm (D:4)
  4 giant cockroaches
  2 goblins
  4 hobgoblins
  2 jackals (D:4)
  A quokka (D:4)
  3 ball pythons
  2 bats (D:3)
  2 frilled lizards
  A kobold (D:3)
  A rat (D:3)
30 creatures vanquished.

Vanquished Creatures (collateral kills)
  An iguana (D:5)
  Jessica (D:2)
  An orc wizard (D:4)
  An adder (D:3)
  A worm (D:2)
  4 orcs
  3 ball pythons (D:1)
  5 bats (D:1)
  4 endoplasms
  A giant cockroach (D:4)
  5 goblins
  4 jackals (D:1)
  4 quokkas
  A frilled lizard (D:1)
  2 kobolds
38 creatures vanquished.

Grand Total: 68 creatures vanquished

Notes
Turn   | Place    | Note
-------+----------+-------------------------------------------
     0 | D:1      | pacmanke6689 the Kobold Summoner began the quest for the
                  | Orb.
     0 | D:1      | Reached XP level 1. HP: 10/10 MP: 3/3
   298 | D:1      | Reached XP level 2. HP: 7/15 MP: 1/5
   835 | D:1      | Reached XP level 3. HP: 12/19 MP: 2/6
   843 | D:1      | Learned a level 3 spell: Call Canine Familiar
  1659 | D:2      | Identified the +5 ring mail of Qazlal, Breathing {+Inv}
  1789 | D:2      | Found a faded altar of an unknown god.
  2156 | D:2      | Noticed Jessica
  2167 | D:2      | Killed Jessica
  2168 | D:2      | Reached XP level 4. HP: 24/24 MP: 6/8
  2204 | D:2      | Reached skill level 5 in Summonings
  2205 | D:2      | Reached skill level 1 in Short Blades
  2423 | D:3      | Found a radiant altar of Vehumet.
  2439 | D:3      | Became a worshipper of Vehumet
  2622 | D:3      | Reached XP level 5. HP: 23/28 MP: 9/9
  3073 | D:4      | Learned a level 1 spell: Magic Dart
  3508 | D:4      | Found a staircase to the Ecumenical Temple.
  3624 | Temple   | Entered the Ecumenical Temple
  4215 | D:4      | Reached * piety under Vehumet
  4215 | D:4      | Offered knowledge of Sandblast by Vehumet.
  4332 | D:4      | Learned a level 1 spell: Sandblast
  4697 | D:5      | Entered Level 5 of the Dungeon
  4721 | D:5      | Reached skill level 1 in Conjurations
  4721 | D:5      | Reached XP level 6. HP: 17/33 MP: 2/10
  4901 | D:5      | Noticed an ice beast
  4918 | D:5      | Noticed an ice beast
  4922 | D:5      | HP: 1/33 [ice beast (4)]
  4922 | D:5      | Mangled by an ice beast

Illustrated notes

Levels and vault maps discovered:
D:1:      wander_arrival_desolate, layout_loops_ring
D:2:      layout_rooms, hellmonk_ecumenical_altar_zigzags, kennysheep_nub,
          uniq_jessica
D:3:      layout_rooms, nicolae_vehumet_radiance, hex_intersection
D:4:      layout_loops_ring, minmay_temple_entry_ruins
D:5:      layout_rooms, mainiacjoe_overflow_big_doors
Temple:   nicolae_temple_superstar

Skill      XL: |  1  2  3  4  5 |
---------------+----------------+-----
Stealth        | 3 |  3.5
Summonings     | 5 |  5.3
Short Blades   | 1 2 |  2.1
Spellcasting   | 3 |  3.2
Dodging        | 3 |  3.1
Conjurations   | 1 |  1.1
Fighting       | |  0.8
Unarmed Combat | |  0.2

Action                   |  1- 3 |  4- 6 || total
-------------------------+-------+-------++-------
Melee: Unarmed           |    18 |       ||    18
       Dagger            |    18 |     6 ||    24
       Short sword       |       |    49 ||    49
       Punch             |       |     1 ||     1
 Cast: Summon Small Mamm |    41 |     2 ||    43
       Call Canine Famil |     4 |     7 ||    11
       Magic Dart        |       |    61 ||    61
  Use: Scroll            |       |    10 ||    10
       Potion            |       |     1 ||     1
 Stab: Sleeping          |     2 |     8 ||    10
Armor: Robe              |     9 |     7 ||    16
Dodge: Dodged            |    57 |    70 ||   127
